 Dungeon Crawl Stone Soup version 0.25.1-2-g60ff931df9 (webtiles) character file.

Game seed: 1231068653029699631

21564 Delamore the Peltast (level 12, 0/108 HPs)
             Began as a Gargoyle Fighter on Aug 29, 2020.
             Was a High Priest of Okawaru.
             Slain by an ice beast (2 damage)
             ... in an ice cave.
             The game lasted 00:16:11 (16117 turns).

Delamore the Peltast (Gargoyle Fighter)            Turns: 16117, Time: 00:16:11

Health: 0/108      AC: 26    Str: 25    XL:     12   Next: 91%
Magic:  12/12      EV:  2    Int:  9    God:    Okawaru [*****.]
Gold:   443        SH: 21    Dex:  9    Spells: 11/11 levels left

rFire    . . .     SeeInvis .   O - +5 flail
rCold    + . .     Gourm    .   P - +2 kite shield
rNeg     + + +     Faith    .   (armour currently unavailable)
rPois    ∞         Spirit   .   (helmet currently unavailable)
rElec    .         Reflect  +   (cloak currently unavailable)
rCorr    .         Harm     .   (gloves currently unavailable)
MR       .....     NoTele   +   (boots currently unavailable)
Stlth    +.........             I - amulet of reflection (curse)
HPRegen  0.28/turn              (no ring)
MPRegen  0.13/turn              L - ring of protection from cold

@: tree-form, slowed, very slow
A: negative energy resistance 1, petrification resistance, rot immunity, AC +8
a: Heroism, Finesse, Renounce Religion


You were in an ice cave.
You worshipped Okawaru.
Okawaru was extremely pleased with you.
You were not hungry.
You were a tree.
You visited 4 branches of the dungeon, and saw 15 of its levels.
You also visited: Ice Cave.

You collected 756 gold pieces.
You spent 313 gold pieces at shops.

Inventory:

Hand Weapons
 a - a +0 flail
 g - a +1 whip of electrocution
 O - a +5 flail (weapon)
Missiles
 x - 6 atropa-tipped darts (quivered)
 R - 4 silver javelins
Armour
 b - a +0 pair of gloves (melded)
 c - a +0 helmet (melded)
 o - the +1 scale mail of Temperance (melded) {rElec Str+4}
   (You found it on level 6 of the Dungeon)

   It affects your strength (+4).
   It insulates you from electricity.
 G - a +0 cloak (melded)
 P - a +2 kite shield (worn)
 S - the +2 pair of boots "Keot" (melded) {rF- MR+ Str+4}
   (You bought it in a shop on level 11 of the Dungeon)

   It affects your strength (+4).
   It makes you vulnerable to fire.
   It affects your resistance to hostile enchantments.
Jewellery
 y - an uncursed ring of fire
 I - a cursed amulet of reflection (around neck)
 L - a ring of protection from cold (right branch)
Wands
 l - a wand of clouds (8)
 B - a wand of enslavement (7)
 C - a wand of acid (10)
 N - a wand of flame (48)
 T - a wand of iceblast (12)
Scrolls
 e - 4 scrolls of enchant armour
 i - 5 scrolls of noise
 k - 2 scrolls of amnesia
 m - 3 scrolls of blinking
 p - 4 scrolls of remove curse
 q - 3 scrolls of teleportation
 r - 2 scrolls of random uselessness
 u - a scroll of fear
 w - a scroll of immolation
 A - 2 scrolls of summoning
 D - a scroll of vulnerability
 F - a scroll of fog {unknown}
 H - a scroll of magic mapping
 M - a scroll of enchant weapon {unknown}
Potions
 d - 4 potions of might
 h - 4 potions of haste
 j - 2 potions of lignification
 n - a potion of curing
 t - 2 potions of flight {unknown}
 v - 4 potions of resistance
 z - a potion of stabbing {unknown}
 E - 2 potions of mutation {unknown}
 J - a potion of berserk rage {unknown}
 K - a potion of degeneration {unknown}
 U - a potion of brilliance {unknown}
Comestibles
 f - 24 rations


   Skills:
 + Level 7.3 Fighting
 - Level 14.0 Maces & Flails
 - Level 5.0 Armour
 - Level 15.0 Shields


You had 11 spell levels left.
You didn't know any spells.
Your spell library contained the following spells:

 Spells                   Type           Power        Failure   Level  Hunger
 Corona                   Hex            #......      38%         1    ##.....
 Summon Small Mammal      Summ           #...         38%         1    ##.....
 Call Imp                 Summ           #.......     52%         2    ###....
 Ensorcelled Hibernation  Hex/Ice        #.....       52%         2    ###....
 Poisonous Vapours        Pois/Air       #.....       52%         2    ###....
 Call Canine Familiar     Summ           #.......     77%         3    ####...
 Confusing Touch          Hex            #.......     77%         3    ####...
 Conjure Flame            Conj/Fire      #.......     77%         3    ####...
 Dazzling Flash           Conj/Hex       #.....       77%         3    ####...
 Gell's Gravitas          Tloc           #.........   77%         3    ####...
 Mephitic Cloud           Conj/Pois/Air  #.......     77%         3    ####...
 Summon Guardian Golem    Hex/Summ       #.......     77%         3    ####...
 Tukima's Dance           Hex            #.......     77%         3    ####...
 Petrify                  Tmut/Erth      #.......     99%         4    #####..
 Summon Ice Beast         Ice/Summ       #.......     99%         4    #####..
 Summon Lightning Spire   Summ/Air       #.......     99%         4    #####..
 Metabolic Englaciation   Hex/Ice        #.........   100%        5    ######.
 Yara's Violent Unravell  Hex/Tmut       #.........   100%        5    ######.
 Freezing Cloud           Conj/Ice/Air   #.........   100%        6    #######
 Ring of Flames           Chrm/Fire      #.........   100%        7    #######


Dungeon Overview and Level Annotations

Branches:
Dungeon (12/15)            Temple (1/1) D:6            Lair (1/6) D:9
    Orc (1/2) D:12          IceCv (1/1)

Altars:
Ashenzari
Cheibriados
Dithmenos
Elyvilon
Fedhas
Gozag
Hepliaklqana
Kikubaaqudgha
Makhleb
Nemelex Xobeh
Okawaru
Qazlal
Ru
Sif Muna
Trog
Uskayaw
Vehumet
Wu Jian
Xom
Yredelemnul
Zin
The Shining One
Beogh

Shops:
D:7 %   D:11 [

Annotations:
D:4 3 runed translucent doors, Elkerch's ghost, amateur CeAM


Innate Abilities, Weirdness & Mutations

You are resistant to torment.
((Your stone body is resilient. (AC +8)))
You are immune to poison.
You resist negative energy. (rN+)
((You are resistant to electric shocks. (rElec)))
((You can survive without breathing.))
You are immune to petrification.
You are immune to rotting.


Message History

You feel better.
The ice beast hits you but does no damage.
You block the freezing wraith's attack. x2
The freezing wraith hits you but does no damage. x2
The ice beast hits you but does no damage.
You bludgeon the freezing wraith!!
The freezing wraith is heavily damaged.
You block the freezing wraith's attack. x2
The freezing wraith hits you but does no damage. x2
You block the ice beast's attack.
You thump the freezing wraith!
The freezing wraith is almost destroyed.
The freezing wraith hits you.
* * * LOW HITPOINT WARNING * * *
The freezing wraith freezes you! You resist.
* * * LOW HITPOINT WARNING * * *
You block the freezing wraith's attack.
The freezing wraith hits you but does no damage.
You block the freezing wraith's attack. The ice beast hits you.
You die...

#..... ##.####...##
##..... ##..# ##...##
#...... #..## ##...#
....... ##..# ##..##
....... #..## ######..#
#..... ##..# ##...###.#
#.....##..## ##.....##..
#....W#..# #...#...#..
#####Y♣.## #..####....
##W## ##..# ##... ###
##..## ##.# ##...# ###
#### ##....## ##..##
#### #......#
##....#####..####.....##
#.......##....##.......#
#.∩.∩.......#..........#


You could see 2 freezing wraiths and an ice beast.

Vanquished Creatures
  2 hydras
  Erica (D:8)
  3 two-headed ogres
  An unseen horror (D:12)
  An ugly thing (D:12)
  2 deep elf magi (D:12)
  A cyclops (D:12)
  A centaur zombie (D:10)
  2 manticores (D:12)
  Maggie (D:8)
  5 freezing wraiths (IceCv)
  2 trolls
  A polar bear (D:8)
  4 hippogriffs
  A spriggan (D:7)
  15 yaks
  3 steam dragons (D:8)
  3 wargs (D:9)
  A water moccasin (D:9)
  An acid dragon (D:11)
  10 ice beasts
  4 sky beasts
  14 orc warriors
  2 black bears
  2 phantoms
  An alligator simulacrum (IceCv)
  An eye of draining (D:8)
  2 ogres
  5 centaurs
  3 wolves (D:8)
  A big kobold (D:11)
  12 bullfrogs
  A water moccasin zombie (D:11)
  8 scorpions
  13 killer bees
  14 wights
  2 howler monkeys
  4 crimson imps
  A bullfrog zombie (D:9)
  A quasit (D:6)
  3 jellies
  2 bullfrog skeletons
  13 orc priests
  5 hounds
  10 orc wizards
  2 centaur skeletons
  2 iguanas
  5 worker ants
  A polar bear simulacrum (IceCv)
  2 wolf simulacra (IceCv)
  2 hound skeletons
  A hound zombie (D:5)
  2 worker ant zombies
  19 adders
  3 gnolls (D:6)
  A howler monkey skeleton (D:10)
  3 shadow imps
  7 white imps
  An ufetubus (D:8)
  2 adder skeletons
  2 worms (D:2)
  A dart slug (D:4)
  9 leopard geckos
  53 orcs
  A ball python (D:2)
  8 giant cockroaches
  21 hobgoblins
  13 jackals
  7 quokkas
  5 bats
  6 frilled lizards
  10 goblins
  A jackal skeleton (D:6)
  28 kobolds
  A leopard gecko skeleton (D:4)
  A leopard gecko zombie (D:8)
  A quokka skeleton (D:5)
  11 rats
  A spectral orc (D:5)
418 creatures vanquished.

Vanquished Creatures (others)
  An orc wizard (D:9)
  4 plants (D:11)
5 creatures vanquished.

Grand Total: 423 creatures vanquished

Notes
Turn   | Place    | Note
-------+----------+-------------------------------------------
     0 | D:1      | Delamore the Gargoyle Fighter began the quest for the Orb.
     0 | D:1      | Reached XP level 1. HP: 14/14 MP: 1/1
   242 | D:1      | Reached XP level 2. HP: 10/19 MP: 2/2
   918 | D:2      | Reached XP level 3. HP: 23/23 MP: 3/3
  1207 | D:2      | Found a shimmering blue altar of Sif Muna.
  1283 | D:2      | Found a bloodstained altar of Trog.
  1306 | D:2      | Found a sacrificial altar of Ru.
  1319 | D:2      | Reached XP level 4. HP: 28/29 MP: 4/4
  1336 | D:2      | Reached skill level 4 in Shields
  1348 | D:2      | Found a snail-covered altar of Cheibriados.
  1693 | D:2      | Reached XP level 5. HP: 31/33 MP: 5/5
  1712 | D:2      | Found a shimmering altar of Xom.
  2831 | D:4      | Noticed an ogre
  2836 | D:4      | Killed an ogre
  2836 | D:4      | Reached XP level 6. HP: 26/39 MP: 6/6
  2942 | D:4      | Noticed Elkerch's ghost (amateur CeAM)
  2948 | D:4      | Found a runed translucent gate.
  2948 | D:4      | Found a runed translucent gate.
  2950 | D:4      | Found a runed translucent gate.
  3398 | D:4      | Reached skill level 5 in Shields
  3405 | D:4      | Reached skill level 5 in Fighting
  3405 | D:4      | Reached skill level 5 in Armour
  3568 | D:4      | Noticed a phantom
  3607 | D:4      | Killed a phantom
  3607 | D:4      | Reached XP level 7. HP: 24/44 MP: 7/7
  3884 | D:5      | Entered Level 5 of the Dungeon
  3943 | D:5      | Reached skill level 5 in Maces & Flails
  4265 | D:5      | Found a basalt altar of Yredelemnul.
  4612 | D:5      | Reached XP level 8. HP: 33/49 MP: 8/8
  5546 | D:6      | Found a staircase to the Ecumenical Temple.
  5575 | D:6      | Got a smelly scale mail
  5592 | Temple   | Entered the Ecumenical Temple
  5816 | Temple   | Identified the +1 scale mail of Temperance {rElec Str+4}
                  | (You found it on level 6 of the Dungeon)
  6911 | D:6      | Identified the +3 leather armour "Zikhus" {Harm Str+6
                  | Int-3}
  7500 | D:7      | Reached XP level 9. HP: 54/54 MP: 9/9
  7524 | D:7      | Reached skill level 10 in Maces & Flails
  7763 | D:7      | You fall into a shaft and drop 3 floors!
  7763 | D:10     | Entered Level 10 of the Dungeon
  8106 | D:9      | Found a hide-covered altar of Uskayaw.
  8110 | D:9      | Found a hazy altar of Hepliaklqana.
  8628 | D:8      | Noticed Maggie
  8648 | D:8      | Killed Maggie
  8670 | D:8      | Reached XP level 10. HP: 15/59 MP: 10/10
  8931 | D:8      | Found an iron altar of Okawaru.
  8958 | D:8      | Became a worshipper of Warmaster Okawaru
  8959 | D:8      | Noticed a two-headed ogre
  8977 | D:8      | Killed a two-headed ogre
  9073 | D:8      | Reached * piety under Okawaru
  9158 | D:7      | Found Deses's Food Shoppe.
  9834 | D:8      | Reached ** piety under Okawaru
 10350 | D:8      | Reached skill level 6 in Shields
 10721 | D:8      | Found an ornate altar of the Wu Jian Council.
 10758 | D:8      | Noticed Erica
 10782 | D:8      | Killed Erica
 10782 | D:8      | Reached *** piety under Okawaru
 10782 | D:8      | Reached skill level 8 in Shields
 10782 | D:8      | Reached XP level 11. HP: 60/63 MP: 11/11
 11132 | D:9      | Found a staircase to the Lair.
 11683 | D:9      | Found a sparkling altar of Nemelex Xobeh.
 11742 | D:9      | Reached skill level 9 in Shields
 12251 | D:10     | Reached skill level 10 in Shields
 12267 | D:10     | Reached **** piety under Okawaru
 12903 | D:10     | Noticed a two-headed ogre
 12910 | D:10     | Killed a two-headed ogre
 12910 | D:10     | Reached skill level 11 in Shields
 13499 | D:11     | Reached skill level 12 in Shields
 13618 | D:11     | Found Nairizxa's Antique Armour Emporium.
 13626 | D:11     | Reached ***** piety under Okawaru
 13626 | D:11     | Received a gift from Okawaru
 13629 | D:11     | Bought a pair of slimy boots for 313 gold pieces
 13634 | D:11     | Identified the +2 pair of boots "Keot" {rF- MR+ Str+4} (You
                  | bought it in a shop on level 11 of the Dungeon)
 13829 | D:11     | Reached XP level 12. HP: 66/68 MP: 12/12
 14064 | D:11     | Found a blossoming altar of Fedhas.
 14159 | D:12     | Noticed a two-headed ogre
 14167 | D:12     | Killed a two-headed ogre
 14224 | D:12     | Reached skill level 13 in Shields
 14333 | D:12     | Received a gift from Okawaru
 14397 | D:12     | Found a staircase to the Orcish Mines.
 14445 | D:12     | Found a roughly hewn altar of Beogh.
 14475 | D:12     | Reached skill level 14 in Shields
 14496 | Orc:1    | Entered Level 1 of the Orcish Mines
 14857 | D:12     | Noticed an eight-headed hydra
 14868 | D:12     | Killed an eight-headed hydra
 15467 | Lair:1   | Entered Level 1 of the Lair of Beasts
 15467 | Lair:1   | Noticed an eight-headed hydra
 15474 | Lair:1   | Killed an eight-headed hydra
 15474 | Lair:1   | Reached skill level 15 in Shields
 15478 | Lair:1   | Found a frozen archway.
 15484 | IceCv    | Entered an ice cave
 16117 | IceCv    | HP: 2/108 [freezing wraith (8)]
 16117 | IceCv    | Slain by an ice beast

Illustrated notes

Levels and vault maps discovered:
D:1:      dpeg_arrival_snail, layout_basic, minmay_tromino_mix6
D:2:      layout_rooms, overflow_temple_1_default, led_sif_pool,
          lemuel_round_altar, nicolae_overflow_crystal_walls,
          nicolae_ru_great_annihilating_truth, first_ration,
          chequers_serial_rivers_micro_b
D:3:      layout_basic
D:4:      layout_rooms, gammafunk_ghost_split, kennysheep_generic_room_8
D:5:      layout_layer_cave, yredelemnul_forgotten_temple_becter,
          chequers_arboretum, minmay_fire_ice_demons
D:6:      corexii_shantytown, layout_layer_cave, temple_statues
D:7:      layout_rooms, serial_shops, nicolae_shop_waterfront, the_bakery
D:8:      cheibrodos_steamvent, layout_basic, okawaru_trees_2,
          marbit_many_paths, serial_ice, serial_ice_o, serial_ice_d,
          serial_ice_m, serial_ice_k, uniq_erica, uniq_maggie
D:9:      layout_gridville, nemelex_xobeh_ov_fountains_minmay,
          overflow_temple_1_default, eat_drink_and_be_merry_uskayaw,
          erik_lair_orcish_takeover
D:10:     layout_basic
D:11:     layout_loops_ring, serial_shops, shop, minmay_misc_feat_x,
          fedhas_altar_decomposition
D:12:     layout_gridville, minmay_orc_entry_temple_small
Temple:   minmay_temple_curvy_loop
Lair:1:   layout_roguey, portal_ice_cave_entry_pillars_2,
          grunt_forest_large_clearing_hut
Orc:1:    layout_caves, gammafunk_ghost_arena
IceCv:    ice_cave_small_necro

Skill      XL: |  1  2  3  4  5  6  7  8  9 10 11 12 |
---------------+-------------------------------------+-----
Fighting       | 4 5 7 |  7.3
Armour         | 4 5 |  5.0
Shields        | 4 5 8 12 15 | 15.0
Maces & Flails | 3 4 6 9 12 14 | 14.0

Action                   |  1- 3 |  4- 6 |  7- 9 | 10-12 || total
-------------------------+-------+-------+-------+-------++-------
Melee: Flail             |   168 |   362 |   311 |   730 ||  1571
       Whip              |       |       |   288 |   290 ||   578
Throw: Dart              |       |       |     5 |       ||     5
  Use: Scroll            |       |     3 |     5 |     9 ||    17
       Potion            |       |       |       |    12 ||    12
 Stab: Paralysed         |       |     2 |       |       ||     2
  Eat: Chunk             |     2 |     8 |    13 |    23 ||    46
       Ration            |       |       |     1 |     1 ||     2
Armor: Scale mail        |    95 |   202 |   293 |   372 ||   962
       Skin              |       |       |       |    23 ||    23
Dodge: Dodged            |    66 |   124 |   184 |   242 ||   616
Block: Kite shield       |   100 |   190 |   350 |   795 ||  1435
       Reflection        |       |       |       |    11 ||    11
